 Dungeon Crawl Stone Soup version 0.31-a0-844-gdc52ec4e09 (webtiles) character file.

Game seed: 18096241818019436895

196 Kurtz the Chopper (level 5, -2/36 HPs)
             Began as an Octopode Fighter on Sept 30, 2023.
             Slain by an orc
             ... wielding a +0 flail
              (8 damage)
             ... on level 3 of the Dungeon.
             The game lasted 00:03:04 (1851 turns).

Kurtz the Chopper (Octopode Fighter)                Turns: 1851, Time: 00:03:05

Health: -2/36      AC:  1    Str: 16    XL:     5   Next: 75%
Magic:  0/5        EV: 13    Int: 10    God:
Gold:   48         SH:  4    Dex: 13    Spells: 2/4 levels left

rFire   . . .        a - +0 war axe
rCold   . . .        b - +0 buckler
rNeg    . . .        (helmet restricted)
rPois   .            j - amulet of guardian spirit
rElec   .            f - ring of wizardry
rCorr   .            (no ring)
SInv    .            (no ring)
Will    .....        (no ring)
Stlth   ++           (no ring)
HPRegen 0.26/turn    (no ring)
MPRegen 0.09/turn    (no ring)
                     (no ring)

%: guardian spirit, wizardry (x1)
@: lethally poisoned (-2 -> -5)
A: almost no armour, amphibious, 8 rings, camouflage 1, gelatinous body 1,
(nimble swimmer 1), tentacles
a: no special abilities


You were on level 3 of the Dungeon.
You visited 1 branch of the dungeon, and saw 3 of its levels.

You collected 71 gold pieces.
You spent 23 gold pieces at shops.

Inventory:

Hand Weapons
 a - a +0 war axe (weapon)
Armour
 b - a +0 buckler (worn)
Jewellery
 f - a ring of wizardry (left tentacle)
 j - an amulet of guardian spirit (around mantle)
 p - a ring of ice
Scrolls
 e - a scroll of noise {unknown}
 g - 4 scrolls of identify {unknown}
 h - 2 scrolls of teleportation {unknown}
 l - a scroll of amnesia {unknown}
 m - a scroll of acquirement {unknown}
 q - a scroll of torment {unknown}
Potions
 c - a potion of might
 d - a potion of resistance {unknown}
 i - 2 potions of magic {unknown}
 k - a potion of mutation {unknown}
 n - a potion of heal wounds {unknown}
 o - a potion of curing {unknown}


   Skills:
 - Level 3.0 Fighting
 * Level 5.7 Axes
 - Level 3.0 Dodging
 - Level 3.0 Shields
 * Level 0.1 Spellcasting
 * Level 0.3 Transmutations


You had 2 spell levels left.
You knew the following spells:

 Your Spells              Type           Power      Damage    Failure   Level
a - Wereblood             Tmut           0%         N/A       26%         2

Your spell library contained the following spells:

 Spells                   Type           Power      Damage    Failure   Level
 Ensorcelled Hibernation  Hex/Ice        0%         N/A       28%         2
 Jinxbite                 Hex            0%         N/A       28%         2
 Anguish                  Hex/Necr       0%         N/A       86%         4
 Irradiate                Conj/Tmut      0%         3d11      99%         5


Dungeon Overview and Level Annotations

Branches:
Dungeon (3/15)

Altars:

Shops:
D:2 (=*[[


Innate Abilities, Weirdness & Mutations

You cannot wear most types of armour.
You are amphibious.
You can wear up to eight rings at the same time.
Your skin changes colour to match your surroundings (Stealth+).
Your rubbery body absorbs attacks. (AC +1, EV +1)
((You are camouflaged when in or above water. (Stealth+)))
You have tentacles for arms and can constrict up to eight enemies at once.


Message History

You hit the orc wizard but do no damage.
You constrict the worm. You constrict the orc wizard.
The orc wizard hits you with a +0 dagger.
The adder bites you.
The orc wizard hits you with a +0 dagger.
The adder barely misses you.
You hit the worm.
The worm is almost dead.
You closely miss the adder. You hit the orc wizard. You constrict the worm.
You kill the worm!
You constrict the orc wizard, but do no damage.
The adder bites you.
The orc wizard points at you and mumbles some strange words.
You resist with some effort.
A worm comes into view.
Unknown command.
You hit the orc wizard. Your squeeze misses the orc wizard.
The orc wizard is almost dead.
You hit the hobgoblin.
You kill the hobgoblin!
You miss the adder. You constrict the orc wizard.
You kill the orc wizard!
You hear a splash. x2
You block the adder's attack.
An orc priest comes into view. It is wielding a +0 whip.
The adder bites you.
You are poisoned.
The adder poisons you!
You slash the adder!
You kill the adder!
You hit the orc.
You feel very sick.
Unknown command.
You feel sick.
The orc priest calls down the wrath of Beogh upon you.
Beogh smites you!
* * * LOW HITPOINT WARNING * * *
You feel sick. The orc attacks as it pursues you!
The orc hits you with a +0 flail!
You die...

#. ...... #. #..#.# #.
#)##.# .# #########.##.##>#
...# #.......#.......##
...##
#.......##.......######....%
#............###............
#........#......?...[...o...
#........#....#.@~.....~.~..
#..........####..o††g.~~~..~
....<...##.##≈≈≈≈go)≈~~~~~≈.
.####......#≈≈≈≈≈≈[~~~~~≈~~~
.....#######≈##~.~.....~....
..... #≈≈ ##~..~.~......
##... ## ##~..~..~.... #.#..
######w#.?.. .##.. .#....


You could see a worm, 2 orcs and 2 hobgoblins.

Vanquished Creatures
  Natasha (thrice) (D:2)
  Terence (D:2)
  An orc wizard (D:3)
  2 adders
  A worm (D:3)
  2 dart slugs (D:1)
  7 bats
  An endoplasm (D:1)
  A giant cockroach (D:2)
  7 goblins
  2 hobgoblins
  3 jackals (D:2)
  4 kobolds
  3 quokkas
  5 ball pythons
  3 frilled lizards
  2 rats (D:2)
48 creatures vanquished.

Notes
Turn   | Place    | Note
-------+----------+-------------------------------------------
     0 | D:1      | Kurtz the Octopode Fighter began the quest for the Orb.
     0 | D:1      | Reached XP level 1. HP: 16/16 MP: 1/1
   201 | D:1      | Reached XP level 2. HP: 21/21 MP: 2/2
   273 | D:1      | Reached skill level 3 in Axes
   548 | D:1      | Reached XP level 3. HP: 26/26 MP: 3/3
   808 | D:2      | Noticed Natasha
   814 | D:2      | Killed Natasha
   815 | D:2      | Reached skill level 4 in Axes
   935 | D:2      | Found Sifen's Weapon Boutique.
   987 | D:2      | Found Daoq's Assorted Antiques.
   993 | D:2      | Noticed Natasha
  1001 | D:2      | Killed Natasha
  1002 | D:2      | Reached XP level 4. HP: 5/31 MP: 4/4
  1005 | D:2      | Bought a scroll labelled CABEIC HUMERE for 23 gold pieces
  1162 | D:2      | Noticed Natasha
  1166 | D:2      | Noticed Terence
  1173 | D:2      | Killed Natasha
  1177 | D:2      | Killed Terence
  1178 | D:2      | Reached skill level 5 in Axes
  1178 | D:2      | Reached XP level 5. HP: 7/36 MP: 5/5
  1423 | D:2      | Found Woiraas's Antique Armour Shop.
  1434 | D:2      | Found Ebioh's Antique Armour Boutique.
  1606 | D:2      | Learned a level 2 spell: Wereblood
  1632 | D:2      | Found Taogy's Jewellery Shoppe.
  1851 | D:3      | Slain by an orc

Illustrated notes

Levels and vault maps discovered:
D:1:      psy_arrival_fountain, layout_loops_ring, minmay_fountain_box,
          reono_crystal_passage, minmay_misc_feat_five, minmay_tetromino_i4
D:2:      layout_loops_ring, serial_shops, shop_statue, shop, shop,
          nicolae_shop_tiny_statue_garden,
          nicolae_shop_competitors_out_of_business, kennysheep_generic_room_10,
          uniq_terence, uniq_natasha
D:3:      layout_loops_cross, lemuel_round_altar, nicolae_tso_besieged_by_evil,
          shapermc_ecumenical_altar_flowoftime, chequers_serial_rivers_small_3

Skill      XL: |  1  2  3  4 |
---------------+-------------+-----
Axes           | 3 4 5 |  5.7
Fighting       | |  3.0
Dodging        | |  3.0
Shields        | |  3.0
Spellcasting   | |  0.1
Transmutations | |  0.3

Action                     |  1- 3 |  4- 6 || total
---------------------------+-------+-------++-------
  Melee: War axe           |    48 |    41 ||    89
         Constrict         |    14 |    11 ||    25
         Tentacles         |     8 |     6 ||    14
         Punch             |     2 |       ||     2
   Stab: Sleeping          |     7 |     6 ||    13
 Armour: Skin              |    19 |    28 ||    47
  Dodge: Dodged            |    26 |    17 ||    43
  Block: Buckler           |    11 |     7 ||    18

Table legend: (Time is in decaauts)
 A = Elapsed time spent in this place.
 B = Non-inter-level travel time spent in this place.
 C = Inter-level travel time spent in this place.
 D = Time resting spent in this place.
 E = Time spent auto-exploring this place.
 F = Levels seen in this place.
 G = Mean time per level.
                   A        B        C        D        E       F      G
               +--------+--------+--------+--------+--------+-----+--------+
         Total |   1879 |   1806 |     73 |    240 |   1228 |   3 |  626.3 |
       Dungeon |   1879 |   1806 |     73 |    240 |   1228 |   3 |  626.3 |
               +--------+--------+--------+--------+--------+-----+--------+

Top non-repeatable levels by time:
     D:2: 1009 daAuts
     D:1: 813 daAuts
     D:3: 56 daAuts
